 Dungeon Crawl Stone Soup version 0.29.1-1-gd02db6906a (webtiles) character file.

Game seed: 10815896282684117038

950 infinitevox the Covered (level 7, 0/51 HPs)
             Began as a Demonspawn Warper on Oct 18, 2022.
             Slain by a vampire (3 damage)
             ... on level 5 of the Dungeon.
             The game lasted 00:19:24 (5977 turns).

infinitevox the Covered (Demonspawn Warper)         Turns: 5977, Time: 00:19:25

Health: 0/51       AC: 15    Str: 13    XL:     7   Next: 90%
Magic:  10/10      EV: 15    Int: 15    God:
Gold:   317        SH:  4    Dex: 18    Spells: 8/10 levels left

rFire   . . .      SeeInvis .   n - +1 short sword (elec)
rCold   . . .      Faith    .   (no shield)
rNeg    . . .      Spirit   .   l - +3 ring mail {Will+}
rPois   .          Reflect  .   (no helmet)
rElec   .          Harm     .   (no cloak)
rCorr   .          Rampage  .   f - +1 pair of gloves
Will    +....                   (no boots)
Stlth   +.........              (no amulet)
HPRegen 0.17/turn               u - +6 ring of dexterity
MPRegen 0.24/turn               (no ring)

@: no status effects
A: repulsion field 2, icemail 1, magic regeneration, condensation shield
a: no special abilities


You were on level 5 of the Dungeon.
You visited 1 branch of the dungeon, and saw 5 of its levels.

You collected 317 gold pieces.

Inventory:

Hand Weapons
 a - a +0 falchion
 b - a +0 trident
 n - a +1 short sword of electrocution (weapon)
Missiles
 d - 2 boomerangs (quivered)
Armour
 e - a +0 scale mail of fire resistance
 f - a +1 pair of gloves (worn)
 l - a +3 ring mail of willpower (worn)
Magical Staves
 s - a staff of air
Jewellery
 r - a ring of fire
 u - a +6 ring of dexterity (left hand)
Wands
 j - a wand of flame (8)


   Skills:
 + Level 2.4 Fighting
 - Level 5.0 Long Blades
 - Level 1.0 Throwing
 + Level 5.4 Armour
 * Level 3.0 Dodging
 - Level 2.0 Shields
 - Level 2.0 Spellcasting
 - Level 0.2 Hexes
 - Level 3.0 Translocations


You had 8 spell levels left.
You knew the following spells:

 Your Spells              Type           Power      Damage    Failure   Level
a - Blink                 Tloc           20%        N/A       19%         2

Your spell library contained the following spells:

 Spells                   Type           Power      Damage    Failure   Level
 Gell's Gravitas          Tloc           10%        N/A       36%         3
 Lesser Beckoning         Tloc           10%        N/A       36%         3
 Teleport Other           Tloc           10%        N/A       36%         3
 Tukima's Dance           Hex            2%         N/A       75%         3
 Passage of Golubria      Tloc           10%        N/A       77%         4
 Manifold Assault         Tloc           10%        N/A       98%         5
 Yara's Violent Unravell  Hex/Tmut       0%         3d3       100%        5


Dungeon Overview and Level Annotations

Branches:
Dungeon (5/15)
 Temple: D:4-7

Altars:
Fedhas
Gozag

Shops:
D:5 *


Innate Abilities, Weirdness & Mutations

You are surrounded by a moderate repulsion field. (EV +3)
A meltable icy envelope protects you from harm. (AC +4)
You regenerate magic rapidly.
A meltable shield of frost defends you. (SH +4)


Message History

Confirm with . or Enter, or press ? or * to list all spells.
You are still too unstable to blink.
Unknown command.
Casting: Blink (safe; 19% risk of failure)
Confirm with . or Enter, or press ? or * to list all spells.
You are still too unstable to blink.
You hit the vampire but do no damage. Lightning courses through the vampire!
The vampire is heavily damaged.
The vampire hits you but does no damage.
The vampire bites you but does no damage.
You hit the vampire but do no damage.
The vampire is heavily damaged.
The vampire hits you. The vampire bites you!
The vampire draws strength from your injuries!
You closely miss the vampire.
The vampire is moderately damaged.
The vampire hits you but does no damage.
The vampire bites you!
The vampire draws strength from your injuries!
You hit the vampire but do no damage.
The vampire is moderately damaged.
You feel stable enough to blink again.
The vampire hits you but does no damage.
The vampire bites you!
* * * LOW HITPOINT WARNING * * *
The vampire draws strength from your injuries!
You feel better. The vampire misses you.
The vampire bites you but does no damage.
You hit the vampire. Lightning courses through the vampire!
The vampire is severely damaged.
The vampire draws life force from you!
* * * LOW HITPOINT WARNING * * *
The vampire is healed by the life force!
You barely miss the vampire.
The vampire is heavily damaged.
The vampire misses you. You block the vampire's attack.
You barely miss the vampire.
The vampire is heavily damaged.
The vampire hits you.
You die...

#..........#......# #........
#.....##...#......#######........
#.....##...#.............#####...
#..........#.............#...#...
#..........#.............#...#...
...........#######.......#...#...
......##..†##....#.......#...'...
###'####...##....#.......#...#...
...†...#....#..V@#.......#...#...
..[....#....#....#.......#...#...
.......#....#....#.<.....#...#...
.......#...##....#.......#...####
.......#...##....#.......#.......
.......#....'....#.......#.......
.......#....#....#.......#.......
.......#....#....#.......'.......
.......#...#######.......###.####


You could see a vampire.

Vanquished Creatures
  2 ice beasts
  An ogre (D:5)
  2 scorpions (D:4)
  3 hounds
  2 orc priests (D:4)
  Ijyb (D:3)
  A gnoll bouda (D:5)
  Terence (D:2)
  2 orc wizards
  2 iguanas (D:5)
  6 adders
  7 gnolls (D:5)
  2 shadow imps (D:5)
  A white imp (D:5)
  An ufetubus (D:5)
  2 worms (D:2)
  The ghost of Vexal the Sneak, a weakling TeDe (D:5)
  A dart slug (D:1)
  10 orcs
  7 ball pythons
  6 endoplasms
  A giant cockroach (D:2)
  4 goblins
  6 hobgoblins
  7 jackals
  4 kobolds
  2 quokkas
  6 bats
  2 frilled lizards
  5 rats
98 creatures vanquished.

Notes
Turn   | Place    | Note
-------+----------+-------------------------------------------
     0 | D:1      | infinitevox the Demonspawn Warper began the quest for the
                  | Orb.
     0 | D:1      | Reached XP level 1. HP: 16/16 MP: 3/3
   258 | D:1      | Reached skill level 1 in Armour
   258 | D:1      | Gained mutation: You are surrounded by a mild repulsion
                  | field. (EV +2) [demonic ancestry]
   258 | D:1      | Reached XP level 2. HP: 13/22 MP: 5/5
   949 | D:2      | Gained mutation: A meltable shield of frost defends you.
                  | (SH +4) [demonic ancestry]
   949 | D:2      | Reached XP level 3. HP: 14/27 MP: 6/6
  1833 | D:2      | Noticed Terence
  1864 | D:2      | Killed Terence
  1865 | D:2      | Reached skill level 1 in Throwing
  1865 | D:2      | Gained mutation: A meltable icy envelope protects you from
                  | harm. (AC +4) [demonic ancestry]
  1865 | D:2      | Reached XP level 4. HP: 12/33 MP: 7/7
  2769 | D:3      | Found a faded altar of an unknown god.
  2817 | D:3      | Noticed an ice beast
  2827 | D:3      | Killed an ice beast
  2828 | D:3      | Gained mutation: You regenerate magic rapidly. [demonic
                  | ancestry]
  2828 | D:3      | Reached XP level 5. HP: 38/38 MP: 8/8
  2936 | D:3      | Noticed Ijyb
  3023 | D:3      | Killed Ijyb
  3024 | D:3      | Reached skill level 1 in Shields
  3470 | D:3      | Found a blossoming altar of Fedhas.
  3550 | D:4      | You fall into a shaft and drop 1 floor!
  3550 | D:5      | Entered Level 5 of the Dungeon
  3565 | D:4      | Reached XP level 6. HP: 33/44 MP: 9/9
  4103 | D:4      | Reached skill level 5 in Long Blades
  4668 | D:5      | Gained mutation: You are surrounded by a moderate repulsion
                  | field. (EV +3) [demonic ancestry]
  4668 | D:5      | Reached XP level 7. HP: 37/50 MP: 10/10
  4671 | D:5      | Learned a level 2 spell: Blink
  5090 | D:5      | Reached skill level 5 in Armour
  5199 | D:5      | Found Enil's Assorted Antiques.
  5340 | D:5      | Found a runed translucent gate.
  5340 | D:5      | Found a runed translucent gate.
  5341 | D:5      | Found a runed translucent gate.
  5342 | D:5      | Found an opulent altar of Gozag.
  5342 | D:5      | Noticed a vampire
  5345 | D:5      | Noticed Vexal's ghost (weakling TeDe)
  5858 | D:5      | Killed Vexal's ghost
  5977 | D:5      | Slain by a vampire

Illustrated notes

Levels and vault maps discovered:
D:1:      amcnicky_arrival_underground_garden, layout_rooms,
          hangedman_decor_diamond_cutter
D:2:      layout_loops_cross, minmay_misc_feat_more_columns, uniq_terence
D:3:      layout_rooms, fedhas_altar_4, basic_ecumenical_altar, uniq_ijyb
D:4:      layout_loops_cross, grunt_decor_cap
D:5:      layout_gridville, serial_shops, shop, ebering_ghost_gozag

Skill      XL: |  1  2  3  4  5  6  7 |
---------------+----------------------+-----
Translocations | 3 |  3.0
Long Blades    | 2 3 4 5 |  5.0
Armour         | 1 2 3 4 5 |  5.4
Dodging        | 2 3 |  3.0
Throwing       | 1 |  1.0
Shields        | 1 2 |  2.0
Fighting       | |  2.4
Spellcasting   | |  2.0
Hexes          | |  0.2

Action                   |  1- 3 |  4- 6 |  7- 9 || total
-------------------------+-------+-------+-------++-------
Melee: Falchion          |   196 |    47 |       ||   243
       Punch             |     1 |     3 |       ||     4
       Short sword       |       |   156 |   127 ||   283
Throw: Boomerang         |     9 |       |       ||     9
 Cast: Blink             |       |       |     2 ||     2
Evoke: Wand              |       |       |     9 ||     9
  Use: Potion            |     2 |     4 |     4 ||    10
       Scroll            |       |     1 |    12 ||    13
Armor: Ring mail         |    63 |    60 |    43 ||   166
       Skin              |       |    13 |       ||    13
       Scale mail        |       |     1 |       ||     1
Dodge: Dodged            |   117 |    97 |    84 ||   298
Block: Other             |    14 |    29 |    29 ||    72
